cohdb
Replays
Latest Replays
All Replays
Popular Replays
Top Player Replays
Match Explorer
How It Works
Community
CoH3 Stats
Reddit
Sign in to upload your games and track your stats! →
Sign in with Steam
Match 42941189
Unlisted
Match 42941189
Overview
Messages
Build Orders
End
Construct Section Command Post
Royal Engineer Section
Infantry Section
Infantry Section
Grenade Package
Selects Canadian Shock Battlegroup
Selects Incendiary Munitions
Construct Field Infirmary
ML 3-inch Mortar Team
Construct Platoon Command Post
Humber Armored Car
Humber Armored Car
BUBBA_ACTUAL
JollyRedRockett
Crenade(Cana)
Luchs
뉴이르
karmen kuvavich
0
0
Comments
sign in to comment!
No comments posted yet!